 Dungeon Crawl Stone Soup version 0.19.1 (webtiles) character file.

114 stebl the Insei (level 4, -2/32 HPs)
             Began as a Merfolk Transmuter on Nov 28, 2016.
             Slain by an orc priest
             ... wielding a cursed -2 short sword
              (3 damage)
             ... on level 3 of the Dungeon.
             The game lasted 00:12:14 (3313 turns).

stebl the Insei (Merfolk Transmuter)                Turns: 3313, Time: 00:12:15

Health: -2/32      AC:  2    Str: 10    XL:     4   Next: 98%
Magic:  0/7        EV: 13    Int: 12    God:
Gold:   216        SH:  0    Dex: 15    Spells: 3 memorised, 1 level left

rFire  . . .     SeeInvis +       - Unarmed
rCold  . . .     Gourm    .     b - +0 robe
rNeg   . . .     Faith    .     (no shield)
rPois  .         Spirit   .     (no helmet)
rElec  .         Reflect  .     (no cloak)
rCorr  .         Harm     .     (no gloves)
MR     .....                    (no boots)
Stlth  +.........               (no amulet)
                                (no ring)
                                j - ring of see invisible

@: appendage, very slightly contaminated
A: change form in water, swift swim, stealthy swim, horns 2
a: End Transformation


You were on level 3 of the Dungeon.
You were hungry.
You had grown temporary horns.
You visited 1 branch of the dungeon, and saw 4 of its levels.

You collected 216 gold pieces.

Inventory:

Missiles
 a - 38 arrows
 l - 60 stones (quivered)
 o - 7 poisoned javelins
 s - 2 needles of sleeping
 v - 2 tomahawks
Armour
 b - a +0 robe (worn)
Jewellery
 j - a ring of see invisible (left hand)
Wands
 p - a wand of digging (10/24)
 r - a wand of digging (16/24)
Scrolls
 e - 3 scrolls of remove curse {unknown}
 f - a scroll of random uselessness {unknown}
 g - 3 scrolls of blinking {unknown}
 h - a scroll of enchant weapon {unknown}
 m - 5 scrolls of identify {unknown}
 n - a scroll of amnesia {unknown}
 q - a scroll of enchant armour {unknown}
 w - 2 scrolls of noise {unknown}
 x - 2 scrolls of teleportation {unknown}
Potions
 i - 2 potions of heal wounds {unknown}
 k - a potion of ambrosia {unknown}
 t - a potion of haste {unknown}
 u - a potion of resistance {unknown}
Books
 c - a book of Changes

   Spells                             Type                      Level
   a - Beastly Appendage              Transmutation                1
   b - Sticks to Snakes               Transmutation                2
   c - Spider Form                    Transmutation/Poison         3
   d - Ice Form                       Ice/Transmutation            4
   e - Blade Hands                    Transmutation                5
Comestibles
 d - 4 bread rations


   Skills:
 - Level 1.1 Fighting
 - Level 2.6 Dodging
 + Level 5.4 Unarmed Combat
 - Level 2.0 Spellcasting
 + Level 4.0 Transmutations


You had one spell level left.
You knew the following spells:

 Your Spells              Type           Power        Failure   Level  Hunger
a - Beastly Appendage     Tmut           ##....       6%          1    ##.....
b - Sticks to Snakes      Tmut           ##......     10%         2    ###....
c - Spider Form           Tmut/Pois      #.........   34%         3    ####...


Dungeon Overview and Level Annotations

Branches:
Dungeon (4/15)
 Temple: D:4-7

Altars:
Dithmenos
The Shining One


Innate Abilities, Weirdness & Mutations

You revert to your normal form in water.
You are very nimble and swift while swimming.
You are very stealthy in the water. (Stealth+)
You have a pair of horns on your head.


Message History

Okay, then.
You completely miss the orc priest.
The orc priest hits you with a short sword!
* * * LOW HITPOINT WARNING * * *
The orc hits you but does no damage.
You barely miss the orc priest. The orc priest barely misses you.
The orc barely misses you.
You barely miss the orc priest. The orc priest closely misses you.
You hit the orc priest but do no damage.
The orc hits you with a dagger.
* * * LOW HITPOINT WARNING * * *
The orc priest misses you.
Casting: Spider Form
Confirm with . or Enter, or press ? or * to list all spells.
You grow a pair of large bovine horns.
You are feeling hungry.
The orc hits you with a dagger.
* * * LOW HITPOINT WARNING * * *
The orc priest hits you with a short sword.
You die...

##......# #.## ........# #.#
##.##.### #รท# #.##.# ### #.#
##.##.####.## #.#
........#.#)#######.#########
##.##.#..###................#
#.##...## ##.###o#########.#
#.###.## ##.o@.# #.#
#..##..## ##.##### #.#
##.##...###.## #.#
#.##....#.## #.## #.##...#.##
#..# ###.##...#.## ##.#
.........#..########## #.#
.#..#..#.............# #.#
###.....###.########.# #.#


You could see an orc priest and an orc.

Vanquished Creatures
  2 adders
  A worm (D:2)
  5 dart slugs
  2 leopard geckos (D:1)
  2 orcs (D:3)
  8 bats
  5 giant cockroaches
  9 hobgoblins
  3 jackals (D:2)
  2 quokkas (D:3)
  2 ball pythons
  5 frilled lizards
  8 goblins
  3 kobolds
  7 rats
64 creatures vanquished.

Vanquished Creatures (collateral kills)
  2 adders
  An orc (D:4)
3 creatures vanquished.

Vanquished Creatures (others)
  An orc (D:4)
  A frilled lizard (D:4)
2 creatures vanquished.

Grand Total: 69 creatures vanquished

Notes
Turn   | Place    | Note
-------+----------+-------------------------------------------
     0 | D:1      | stebl the Merfolk Transmuter began the quest for the Orb.
     0 | D:1      | Reached XP level 1. HP: 15/15 MP: 3/3
    99 | D:1      | Reached XP level 2. HP: 19/21 MP: 5/5
   633 | D:1      | Reached skill level 4 in Unarmed Combat
   681 | D:1      | Learned a level 2 spell: Sticks to Snakes
  1005 | D:1      | Reached XP level 3. HP: 23/26 MP: 4/6
  1063 | D:1      | Learned a level 3 spell: Spider Form
  1839 | D:2      | Found a glowing golden altar of the Shining One.
  1841 | D:2      | Reached XP level 4. HP: 32/32 MP: 7/7
  1995 | D:2      | Reached skill level 5 in Unarmed Combat
  2103 | D:3      | Found a shadowy altar of Dithmenos.
  3313 | D:3      | HP: 1/32 [orc/dagger (4)]
  3313 | D:3      | Slain by an orc priest

Skill      XL: |  1  2  3  4 |
---------------+-------------+-----
Transmutations | 3 4 |  4.0
Unarmed Combat | 4 5 |  5.4
Fighting       | |  1.1
Dodging        | |  2.6
Spellcasting   | |  2.0

Action                   |  1- 3 |  4- 6 || total
-------------------------+-------+-------++-------
Melee: Unarmed           |   123 |    94 ||   217
       Punch             |     4 |     4 ||     8
       Headbutt          |     5 |     6 ||    11
Throw: Stone             |     1 |     5 ||     6
 Cast: Beastly Appendage |    11 |     7 ||    18
       Sticks to Snakes  |     1 |     7 ||     8
       Spider Form       |       |     3 ||     3
  Use: Potion            |     2 |     1 ||     3
 Stab: Sleeping          |     5 |     3 ||     8
  Eat: Chunk             |     2 |     6 ||     8
       Pizza             |     1 |       ||     1
Armor: Robe              |    20 |    20 ||    40
Dodge: Dodged            |    73 |    59 ||   132
